 Dungeon Crawl Stone Soup version 0.30-a0-696-g2367cd04db (webtiles) character file.

Game seed: 18375797941701259642

61 funkygono the Firebug (level 3, -6/24 HPs)
             Began as a Demonspawn Fire Elementalist on Jan 20, 2023.
             Mangled by Natasha (7 damage)
             ... on level 2 of the Dungeon.
             The game lasted 00:02:53 (1886 turns).

funkygono the Firebug (DsFE)                        Turns: 1886, Time: 00:02:53

Health: -6/24      AC:  6    Str:  8    XL:     3   Next: 83%
Magic:  0/6        EV: 11    Int: 18    God:
Gold:   70         SH:  0    Dex: 13    Spells: 1/7 levels left

rFire   . . .      SeeInvis .    d - +0 club
rCold   . . .      Faith    .    (no shield)
rNeg    . . .      Spirit   .    c - +2 leather armour {Will+}
rPois   .          Reflect  .    (no helmet)
rElec   .          Harm     .    (no cloak)
rCorr   .          Rampage  .    o - +0 pair of gloves
Will    +....                    (no boots)
Stlth   ++                       (no amulet)
HPRegen 0.24/turn                (no ring)
MPRegen 0.10/turn                (no ring)

@: no status effects
A: powered by death 1
a: no special abilities


You were on level 2 of the Dungeon.
You visited 1 branch of the dungeon, and saw 2 of its levels.

You collected 70 gold pieces.

Inventory:

Hand Weapons
 d - a +0 club (weapon)
Missiles
 n - a throwing net
Armour
 a - a +0 robe
 c - a +2 leather armour of willpower (worn)
 o - a +0 pair of gloves (worn)
Magical Staves
 e - a staff of cold
Scrolls
 i - 2 scrolls of identify {unknown}
 k - 3 scrolls of amnesia {unknown}
 l - a scroll of enchant weapon {unknown}
 m - a scroll of blinking {unknown}
Potions
 b - a potion of magic
 f - 2 potions of lignification {unknown}
 g - a potion of haste {unknown}
 h - a potion of mutation {unknown}
 j - 2 potions of flight {unknown}


   Skills:
 + Level 0.2 Fighting
 + Level 0.1 Maces & Flails
 + Level 0.4 Armour
 + Level 2.1 Dodging
 - Level 1.7 Stealth
 + Level 2.5 Spellcasting
 + Level 1.3 Conjurations
 + Level 3.5 Fire Magic


You had one spell level left.
You knew the following spells:

 Your Spells              Type           Power      Damage    Failure   Level
a - Foxfire               Conj/Fire      40%        2x1d6     9%          1
b - Scorch                Fire           28%        2d6       9%          2
c - Kindle Blastsparks    Fire/Tloc/Air  12%        2d11      41%         3

Your spell library contained the following spells:

 Spells                   Type           Power      Damage    Failure   Level
 Inner Flame              Hex/Fire       8%         N/A       34%         3
 Flame Wave               Conj/Fire      10%        2d6       65%         4


Dungeon Overview and Level Annotations

Branches:
Dungeon (2/15)

Altars:

Annotations:
D:2 Natasha


Innate Abilities, Weirdness & Mutations

You regenerate a little health from kills.


Message History

You conjure some foxfire!
Natasha closely misses you.
You hit Natasha but do no damage.
Natasha is heavily wounded.
The foxfire hits the crimson imp.
The crimson imp completely resists.
The foxfire hits the crimson imp.
The crimson imp completely resists.
Natasha claws you but does no damage.
The crimson imp hits you but does no damage.
Natasha stares at you and mumbles some strange words.
The magic dart hits you.
You hit Natasha but do no damage.
Natasha is heavily wounded.
The crimson imp disappears in a puff of smoke!
The crimson imp hits you. Natasha barely misses you.
Unknown command.
You closely miss Natasha.
Natasha is heavily wounded.
The crimson imp misses you. Natasha barely misses you.
Casting: Foxfire (safe; 9% risk of failure)
Confirm with . or Enter, or press ? or * to list all spells.
You conjure some foxfire!
The crimson imp blinks!
Natasha growls.
Natasha stares at you and mumbles some strange words.
The magic dart hits you.
* * * LOW HITPOINT WARNING * * *
You barely miss Natasha.
Natasha is heavily wounded.
The foxfire hits Natasha.
Natasha is severely wounded.
The foxfire hits Natasha.
Natasha is almost dead.
Natasha barely misses you.
You hit Natasha.
Natasha is almost dead.
Natasha claws you.
* * * LOW HITPOINT WARNING * * *
The crimson imp blinks!
Natasha barely misses you.
You hit Natasha but do no damage.
Natasha is almost dead.
Natasha claws you!
You die...

.# .# # .## .. .# ..#
....##### .# #.# #
........##.# #.## .# #
#########.#..# #..##..#
#.........#.#..#
##.....#######.#######......#
.......##.......@......#.#####
.###>####.###....h####.#......
.# .# #.# #...........#### .#
# #.# #...........# .# #.#
#...#....##.##
####.####.###5...........#
...............#..##.....#
.###.####.#....#..######.#
...#.#..#.#.#..##.# .#


You could see Natasha and a crimson imp (summoned).

Vanquished Creatures
  Natasha (D:2)
  A worm (D:2)
  3 endoplasms
  A giant cockroach (D:1)
  2 goblins (D:1)
  3 hobgoblins
  4 jackals (D:1)
  A quokka (D:2)
  5 ball pythons
  4 bats (D:1)
  2 frilled lizards (D:1)
  4 kobolds
  A rat (D:1)
32 creatures vanquished.

Vanquished Creatures (collateral kills)
  3 foxfires (D:1)
3 creatures vanquished.

Vanquished Creatures (others)
  91 foxfires
91 creatures vanquished.

Grand Total: 126 creatures vanquished

Notes
Turn   | Place    | Note
-------+----------+-------------------------------------------
     0 | D:1      | funkygono the Demonspawn Fire Elementalist began the quest
                  | for the Orb.
     0 | D:1      | Reached XP level 1. HP: 13/13 MP: 3/3
   327 | D:1      | Reached skill level 3 in Fire Magic
   327 | D:1      | Gained mutation: You regenerate a little health from kills.
                  | [demonic ancestry]
   327 | D:1      | Reached XP level 2. HP: 19/19 MP: 0/5
   330 | D:1      | Learned a level 2 spell: Scorch
  1278 | D:2      | Noticed Natasha
  1287 | D:2      | Killed Natasha
  1288 | D:2      | Reached XP level 3. HP: 16/24 MP: 1/6
  1353 | D:2      | Learned a level 3 spell: Kindle Blastsparks
  1860 | D:2      | Noticed Natasha
  1885 | D:2      | HP: 1/24 [Natasha (6)]
  1886 | D:2      | Mangled by Natasha

Illustrated notes

Levels and vault maps discovered:
D:1:      nagdon_arrival_zigzag_paths, layout_basic, minmay_hedge_maze
D:2:      layout_basic, uniq_natasha

Skill      XL: |  1 |
---------------+----+-----
Dodging        | 2 |  2.1
Fire Magic     | 3 |  3.5
Fighting       | |  0.2
Maces & Flails | |  0.1
Armour         | |  0.4
Stealth        | |  1.7
Spellcasting   | |  2.5
Conjurations   | |  1.3

Action                   || total
-------------------------++-------
Melee: Unarmed           ||     1
       Club              ||    27
 Cast: Foxfire           ||    57
       Scorch            ||     9
Armor: Leather armour    ||    15
Dodge: Dodged            ||    33

Table legend: (Time is in decaauts)
 A = Elapsed time spent in this place.
 B = Non-inter-level travel time spent in this place.
 C = Inter-level travel time spent in this place.
 D = Time resting spent in this place.
 E = Time spent auto-exploring this place.
 F = Levels seen in this place.
 G = Mean time per level.
                   A        B        C        D        E       F      G
               +--------+--------+--------+--------+--------+-----+--------+
         Total |   1902 |   1876 |     26 |     23 |   1465 |   2 |  951.0 |
       Dungeon |   1902 |   1876 |     26 |     23 |   1465 |   2 |  951.0 |
               +--------+--------+--------+--------+--------+-----+--------+

Top non-repeatable levels by time:
     D:1: 1189 daAuts
     D:2: 713 daAuts
